AoeStats
← Comend x comend

Arena

510230884Analyzed
4v4 RM · 12h ago on Sep 30, 2026· 42m 18s· 8 players
Game mode
Random Map
Map size
Large (8 player)
Population
200
Speed
Normal
Resources
Standard
Victory
Conquest
Starting age
Dark Age
Ending age
Imperial Age
RankedLock teamsTeams togetherTeam positionsShared explorationLock speedFull tech treeHidden civsTurbo modeCheats
Victory
Defeat
🇦🇷 Portuguese · Argentina
1612
+10
🇦🇷 Romans · Argentina
1477
+15
🇦🇷 Persians · Argentina
1441
+16
🇦🇷 Cumans · Argentina
1342
+19
🇺🇸 Bohemians · United States
1483
-17
🇦🇺 Mapuche · Australia
1477
-16
🇵🇪 Lithuanians · Peru
1425
-14
🇧🇴 Gurjaras · Bolivia
1409
-13
Skavio22
11:03 Feudal Age
14:29 Castle Age
12:41 Horse Collar
13:38 Double-Bit Axe
15:28 Loom
15:56 Bow Saw
20:02 Wheelbarrow
23:10 Hand Cart
28:06 Imperial Age
26:20 Bloodlines
26:12 Husbandry
26:25 Forging
27:49 Iron Casting
27:17 Heavy Plow
27:36 Scale Barding Armor
27:51 Cavalier
29:38 Two-Man Saw
29:09 Crop Rotation
29:17 Gold Mining
29:19 Stone Mining
30:01 Crop Rotation
30:17 Savar
32:38 Blast Furnace
33:24 Chain Barding Armor
35:21 Plate Barding Armor
36:05 Gold Shaft Mining
36:06 Stone Shaft Mining
37:12 Scale Mail Armor
38:26 Fletching
39:40 Chemistry
41:08 Conscription
Dino_Mate
8:08 Feudal Age
8:52 Double-Bit Axe
13:01 Horse Collar
15:14 Gold Mining
16:35 Wheelbarrow
19:46 Castle Age
18:48 Scale Barding Armor
19:13 Bloodlines
20:49 Chain Barding Armor
22:48 Light Cavalry
24:19 Hand Cart
24:54 Loom
24:57 Town Watch
25:46 Heavy Plow
25:59 Bow Saw
29:11 Stone Mining
32:31 Imperial Age
32:17 Gold Shaft Mining
32:38 Cavalier
33:59 Plate Barding Armor
33:34 Forging
35:52 Conscription
36:48 Iron Casting
36:22 Paladin
40:03 Steppe Husbandry
40:55 Hussar
[VA] Tano_Pacman
8:26 Feudal Age
9:44 Loom
10:22 Fletching
23:33 Castle Age
22:03 Double-Bit Axe
23:15 Horse Collar
24:47 Bow Saw
25:55 Wheelbarrow
29:25 Town Watch
31:28 Heavy Plow
32:59 Gold Mining
33:00 Stone Mining
36:15 Imperial Age
34:11 Hand Cart
35:58 Ballistics
36:43 Heavy Scorpion
38:14 Comitatenses
38:51 Siege Engineers
40:41 Chemistry
42:45 Comitatenses
42:48 Scale Mail Armor
griego
11:54 Feudal Age
11:43 Loom
16:04 Castle Age
21:13 Imperial Age
19:31 Double-Bit Axe
20:21 Town Watch
25:38 Bow Saw
28:04 Wheelbarrow
28:51 Chemistry
29:32 Conscription
32:56 Fletching
33:08 Padded Archer Armor
33:44 Thumb Ring
33:23 Crossbowman
35:03 Ballistics
35:20 Bodkin Arrow
36:39 Hand Cart
36:18 Arbalester
37:59 Bracer
38:16 Leather Archer Armor
38:20 Elite Skirmisher
bdstanley32
8:58 Loom
11:02 Feudal Age
14:57 Castle Age
13:36 Double-Bit Axe
25:15 Fervor
25:30 Sanctity
27:05 Horse Collar
27:23 Town Watch
29:14 Bow Saw
30:34 Wheelbarrow
34:54 Imperial Age
32:15 Pikeman
32:56 Squires
34:52 Chemistry
33:56 Scale Mail Armor
34:22 Fletching
35:02 Chain Mail Armor
36:13 Halberdier
37:11 Bodkin Arrow
38:49 Plate Mail Armor
40:22 Conscription
40:28 Hand Cart
40:57 Siege Engineers
Comend x comend
8:35 Loom
10:24 Feudal Age
15:28 Castle Age
14:07 Horse Collar
14:50 Double-Bit Axe
20:13 Wheelbarrow
21:42 Hand Cart
26:41 Imperial Age
24:32 Loom
24:33 Town Watch
25:11 Fortified Wall
25:06 Gold Mining
25:40 Town Patrol
26:17 Heavy Plow
26:38 Forging
26:33 Scale Barding Armor
26:57 Bloodlines
26:46 Cavalier
27:44 Husbandry
29:17 Iron Casting
31:06 Chain Barding Armor
32:33 Plate Barding Armor
32:03 Paladin
Lightning
10:56 Feudal Age
12:00 Double-Bit Axe
12:37 Loom
14:58 Castle Age
13:33 Fletching
14:06 Padded Archer Armor
20:06 Bodkin Arrow
27:57 Padded Archer Armor
28:15 Horse Collar
29:19 Malon
35:08 Imperial Age
33:17 Wheelbarrow
33:09 Ballistics
32:43 Pikeman
34:48 Bow Saw
35:42 Elite Bolas Rider
38:27 Leather Archer Armor
GG LA LIFE KARIN
10:05 Feudal Age
14:02 Castle Age
12:10 Horse Collar
13:06 Double-Bit Axe
19:44 Bow Saw
20:08 Gold Mining
20:37 Fletching
21:28 Wheelbarrow
21:38 Fletching
22:52 Bodkin Arrow
23:48 Heavy Plow
25:00 Town Watch
25:00 Loom
26:06 Thumb Ring
26:58 Gold Shaft Mining
32:22 Imperial Age
30:24 Ballistics
30:05 Padded Archer Armor
31:52 Hand Cart
31:30 Stone Mining
32:13 Kshatriyas
32:27 Leather Archer Armor
32:24 Masonry
33:08 Bracer
34:09 Chemistry
33:33 Conscription
34:04 Crop Rotation
34:37 Frontier Guards
Connection lost

Rejoining the realm…

Still unreachable

The connection could not be restored.

Session expired

The server has moved on; the page needs a fresh start.